 Dungeon Crawl Stone Soup version 0.29-a0-920-g5d2155ec51 (webtiles) character file.

Game seed: 3486601945846127477

575 Ajdolov the Cudgeller (level 7, -1/35 HPs)
             Began as a Vine Stalker Fighter on July 27, 2022.
             Was an Initiate of the Shining One.
             Slain by a water moccasin (5 damage)
             ... on level 5 of the Dungeon.
             The game lasted 00:04:36 (3663 turns).

Ajdolov the Cudgeller (Vine Stalker Fighter)        Turns: 3663, Time: 00:04:37

Health: -1/35      AC: 11    Str: 20    XL:     7   Next: 35%
Magic:  0/8        EV:  5    Int:  8    God:    the Shining One [......]
Gold:   155        SH: 10    Dex: 20    Spells: 6/6 levels left

rFire   . . .      SeeInvis .   s - +1 flail (holy)
rCold   . . .      Faith    .   c - +0 buckler
rNeg    . . .      Spirit   +   B - +0 plate armour
rPois   .          Reflect  +   (no helmet)
rElec   .          Harm     .   (no cloak)
rCorr   .          Rampage  .   (no gloves)
Will    .....                   (no boots)
Stlth   ..........              r - amulet of reflection
HPRegen 0.91/turn               t - +6 ring of dexterity
MPRegen 0.11/turn               (no ring)

@: lethally poisoned (-1 -> -11), glowing
A: fangs 2, regeneration 1, magic shield, antimagic bite, no potion heal 2
a: Renounce Religion


You were on level 5 of the Dungeon.
You worshipped the Shining One.
The Shining One was noncommittal.
You visited 1 branch of the dungeon, and saw 5 of its levels.

You collected 155 gold pieces.

Inventory:

Hand Weapons
 f - a +0 whip
 s - a +1 flail of holy wrath (weapon)
Missiles
 o - 5 poisoned darts (quivered)
Armour
 c - a +0 buckler (worn)
 B - a +0 plate armour (worn)
Jewellery
 r - an amulet of reflection (around neck)
 t - a +6 ring of dexterity (left hand)
Wands
 a - a wand of acid (7)
 p - a wand of mindburst (5)
Scrolls
 b - 2 scrolls of poison {unknown}
 e - 3 scrolls of fear {unknown}
 g - a scroll of amnesia {unknown}
 i - 3 scrolls of teleportation {unknown}
 j - 3 scrolls of identify {unknown}
 k - a scroll of torment {unknown}
 l - a scroll of magic mapping {unknown}
 q - a scroll of vulnerability {unknown}
 u - a scroll of enchant weapon {unknown}
 w - a scroll of enchant armour {unknown}
 y - a scroll of summoning {unknown}
Potions
 d - 4 potions of might
 h - a potion of mutation {unknown}
 m - a potion of attraction {unknown}
 n - 2 potions of degeneration {unknown}
 v - 2 potions of heal wounds {unknown}
 z - 3 potions of lignification {unknown}
 A - a potion of haste {unknown}


   Skills:
 - Level 2.6 Fighting
 + Level 7.2 Maces & Flails
 - Level 2.4 Armour
 - Level 2.6 Shields


You had 6 spell levels left.
You didn't know any spells.
Your spell library contained the following spells:

 Spells                   Type           Power      Damage    Failure   Level
 Shock                    Conj/Air       0%         1d3       100%        1
 Ensorcelled Hibernation  Hex/Ice        0%         N/A       100%        2
 Spider Form              Tmut/Pois      0%         N/A       100%        3
 Swiftness                Air            0%         N/A       100%        3
 Airstrike                Air            0%         0-1+      100%        4
 Anguish                  Hex/Necr       0%         N/A       100%        4


Dungeon Overview and Level Annotations

Branches:
Dungeon (5/15)
 Temple: D:4-7

Altars:
Gozag
Qazlal
Uskayaw
Vehumet
The Shining One


Innate Abilities, Weirdness & Mutations

You have extremely sharp teeth.
Your natural rate of healing is unusually fast.
When hurt, damage is shared between your health and your magic reserves.
Your bite disrupts and absorbs the magic of your enemies.
Potions cannot restore your health.


Message History

You now have 123 gold pieces (gained 11).
Items here: )) [ †.
You now have 135 gold pieces (gained 12).
You now have 143 gold pieces (gained 8).
You now have 155 gold pieces (gained 12).
You hear the slow rusting of a very distant drain.
Found 6 stones.
Found a stone staircase leading up.
You feel agile.
t - a +6 ring of dexterity (left hand)
You open the door.
There is an open door here.
A water moccasin comes into view.
Found a stone staircase leading down.
The water moccasin hisses angrily.
You hit the water moccasin. You bite the water moccasin. You drain its power.
The water moccasin is moderately wounded.
The water moccasin bites you! The water moccasin bites you.
You closely miss the water moccasin. Your bite misses the water moccasin.
The water moccasin is moderately wounded.
The water moccasin bites you.
You are poisoned.
The water moccasin poisons you!
You hit the water moccasin. Your bite misses the water moccasin.
The water moccasin is heavily wounded.
You feel very sick. The water moccasin bites you! The water moccasin bites you.
You miss the water moccasin. Your bite misses the water moccasin.
The water moccasin is heavily wounded.
You feel very sick. The water moccasin bites you.
* * * LOW HITPOINT WARNING * * *
You are lethally poisoned!
The water moccasin poisons you!
You hit the water moccasin. Your bite misses the water moccasin.
The water moccasin is severely wounded.
* * * LOW HITPOINT WARNING * * *
You feel very sick. The water moccasin bites you!
You die...

# ### # ... ####### #>.
....... #.# ###### #.# #
#.#. #.# # ########
#.#.#.###S#.# #.......
#.......#@#.#######.######
........#.................
##.(....#.#.......#......#
........#.#.....#.#...####
...<....#.#.........#.....
........'.#.....###)#.####
#.......###.....###.#.#
.........##.........#.#
########.##.....#####.#


You could see a water moccasin.

Vanquished Creatures
  A black bear (D:4)
  An ogre (D:5)
  A centaur (D:3)
  A hound (D:4)
  A jelly (D:4)
  An iguana (D:4)
  3 orc wizards (D:4)
  6 adders
  2 worms (D:2)
  A dart slug (D:4)
  7 orcs
  10 endoplasms
  5 giant cockroaches
  7 goblins
  9 hobgoblins
  2 jackals (D:1)
  15 kobolds
  6 quokkas
  6 ball pythons
  3 bats
  2 frilled lizards
  7 rats
97 creatures vanquished.

Notes
Turn   | Place    | Note
-------+----------+-------------------------------------------
     0 | D:1      | Ajdolov the Vine Stalker Fighter began the quest for the
                  | Orb.
     0 | D:1      | Reached XP level 1. HP: 11/11 MP: 2/2
    17 | D:1      | Reached skill level 2 in Maces & Flails
    77 | D:1      | Reached XP level 2. HP: 16/16 MP: 3/3
   449 | D:1      | Found a faded altar of an unknown god.
   457 | D:1      | Reached skill level 3 in Maces & Flails
   557 | D:1      | Reached XP level 3. HP: 17/19 MP: 4/4
  1602 | D:2      | Gained mutation: Your natural rate of healing is unusually
                  | fast. [Vine Stalker growth]
  1602 | D:2      | Reached XP level 4. HP: 23/23 MP: 5/5
  1927 | D:2      | Reached skill level 4 in Maces & Flails
  2516 | D:3      | Noticed a centaur
  2526 | D:3      | Killed a centaur
  2527 | D:3      | Reached skill level 5 in Maces & Flails
  2527 | D:3      | Reached XP level 5. HP: 21/27 MP: 6/6
  2743 | D:4      | Found an opulent altar of Gozag.
  2747 | D:4      | Found a stormy altar of Qazlal.
  2747 | D:4      | Found a radiant altar of Vehumet.
  2787 | D:4      | Reached XP level 6. HP: 32/32 MP: 7/7
  2982 | D:4      | Found a hide-covered altar of Uskayaw.
  3103 | D:4      | Noticed a black bear
  3113 | D:4      | Killed a black bear
  3114 | D:4      | Reached skill level 6 in Maces & Flails
  3166 | D:4      | Reached XP level 7. HP: 35/35 MP: 8/8
  3212 | D:4      | Found a glowing golden altar of the Shining One.
  3216 | D:4      | Became a worshipper of the Shining One
  3545 | D:5      | Entered Level 5 of the Dungeon
  3604 | D:5      | Reached skill level 7 in Maces & Flails
  3663 | D:5      | Slain by a water moccasin

Illustrated notes

Levels and vault maps discovered:
D:1:      grunt_arrival_lava_bath, layout_basic, shapermc_ecumenical_altar_venn
D:2:      layout_basic, minmay_circle_x
D:3:      layout_basic
D:4:      layout_loops_ring, nicolae_tso_carved_into_rock,
          mainiacjoe_overflow_alcove_1, grunt_temple_overflow_open
D:5:      layout_basic, gup_sewer_entry_bowl

Skill      XL: |  1  2  3  4  5  6  7 |
---------------+----------------------+-----
Maces & Flails | 2 3 5 6 7 |  7.2
Fighting       | |  2.6
Armour         | |  2.4
Shields        | |  2.6

Action                   |  1- 3 |  4- 6 |  7- 9 || total
-------------------------+-------+-------+-------++-------
Melee: Flail             |    26 |   112 |    47 ||   185
       Bite              |    22 |    18 |    10 ||    50
       Whip              |    62 |       |       ||    62
Throw: Dart              |       |     1 |       ||     1
Armor: Scale mail        |    29 |     1 |       ||    30
       Chain mail        |       |    38 |       ||    38
       Plate armour      |       |     1 |    23 ||    24
Dodge: Dodged            |    30 |    20 |    10 ||    60
Block: Buckler           |    16 |    55 |    17 ||    88
       Reflection        |       |     1 |     1 ||     2

Table legend: (Time is in decaauts)
 A = Elapsed time spent in this place.
 B = Non-inter-level travel time spent in this place.
 C = Inter-level travel time spent in this place.
 D = Time resting spent in this place.
 E = Time spent auto-exploring this place.
 F = Levels seen in this place.
 G = Mean time per level.
                   A        B        C        D        E       F      G
               +--------+--------+--------+--------+--------+-----+--------+
         Total |   3695 |   3606 |     89 |      2 |   2887 |   5 |  739.0 |
       Dungeon |   3695 |   3606 |     89 |      2 |   2887 |   5 |  739.0 |
               +--------+--------+--------+--------+--------+-----+--------+

Top non-repeatable levels by time:
     D:2: 1062 daAuts
     D:1: 1052 daAuts
     D:4: 917 daAuts
     D:3: 545 daAuts
     D:5: 118 daAuts
